 Dungeon Crawl Stone Soup version 0.28-a0-1080-g05a166d0ed (webtiles) character file.

Game seed: 7016994386854416367

25 spiderkeys the Ducker (level 2, -4/27 HPs)
             Began as a Deep Elf Abyssal Knight on Dec 10, 2021.
             Was a Follower of Lugonu.
             Slain by a gnoll (5 damage)
             ... on level 1 of the Dungeon.
             The game lasted 00:02:03 (801 turns).

spiderkeys the Ducker (Deep Elf Abyssal Knight)      Turns: 801, Time: 00:02:03

Health: -4/27      AC: 21    Str:  7 (10) XL:     2   Next: 86%
Magic:  5/5        EV:  2    Int: 12 (14) God:    Lugonu [*.....]
Gold:   18         SH:  0    Dex: 14 (15) Spells: 1/1 levels left

rFire   . . .      SeeInvis .   a - +1 short sword
rCold   . . .      Faith    .   (no shield)
rNeg    . . .      Spirit   .   (armour currently unavailable)
rPois   +          Reflect  .   (helmet currently unavailable)
rElec   .          Harm     .   (cloak currently unavailable)
rCorr   .          Rampage  .   (gloves currently unavailable)
Will    .....      NoTele   +   (boots currently unavailable)
Stlth   +.........              (no amulet)
HPRegen 0.09/turn               (no ring)
MPRegen 0.09/turn               (no ring)

@: tree-form
A: stationary, stasis, torment immunity, boosted hp
a: Renounce Religion, Depart the Abyss


You were on level 1 of the Dungeon.
You worshipped Lugonu.
Lugonu was aware of your devotion.
You were a tree.
You visited 1 branch of the dungeon, and saw 1 of its levels.
You visited the Abyss 1 time.

You collected 18 gold pieces.


   Skills:
 + Level 2.7 Fighting
 + Level 2.3 Short Blades
 - Level 0.7 Armour
 + Level 2.9 Dodging
 + Level 2.5 Invocations


You had one spell level left.
You didn't know any spells.
Your spell library contained the following spells:

 Spells                   Type           Power      Damage    Failure   Level
 Call Canine Familiar     Summ           0%         N/A       69%         3
 Portal Projectile        Hex/Tloc       0%         N/A       69%         3
 Leda's Liquefaction      Hex/Erth       0%         N/A       97%         4

Inventory:

Hand Weapons
 a - a +1 short sword (weapon)
Missiles
 d - 28 stones
Armour
 b - a +0 leather armour
 f - the +1 robe of Rotation (melded) {rPois rF+ Dex+5}
   (You found it on level 3 of the Abyss)

   Dex:       It affects your dexterity (+5).
   rF:        It protects you from fire.
   rPois:     It protects you from poison.
Jewellery
 C - a ring of ice
   (You found it on level 1 of the Abyss)
Miscellaneous
 e - a phantom mirror (inert)
   (You found it on level 2 of the Abyss)

Dungeon Overview and Level Annotations

Branches:
Dungeon (1/15)

Altars:

### ### ########.##
##.## ..[..##...#
#...#
.....##...###...##
.....#..#..#..#..#
.....#.###.#.###.##
....††.# #...#
#♣)## ......##
##.## ##g.# ......#
#.# #g.# .....###
### ##.#######
.......# #.......#
.......+ +.'.......
.......# ###.....##
.......##.
.......####
..........
..........


You could see a gnoll (ally target) and a friendly gnoll (summoned, drained).


Message History

You hit the endoplasm. The endoplasm closely misses you.
You barely miss the endoplasm.
The endoplasm jiggles.
The endoplasm freezes you.
You are frozen. 😮 HP[-1]
You take 1 damage, and now have 13/18 hp.
You hit the endoplasm. The endoplasm freezes you.
You are frozen.
* * * LOW HITPOINT WARNING * * *
😨 HP[-4]
You take 4 damage, and now have 9/18 hp.
MASSIVE DAMAGE!! (PAUSE)
You hit the endoplasm.
You kill the endoplasm!
Lugonu accepts your kill.
Key pressed, stopping explore.
Key pressed, stopping explore.
Key pressed, stopping explore.
You see here a quokka corpse.
d - 28 stones (gained 23) Key pressed, stopping explore.
g - a glowing emerald potion 😎 HP[+9]
Your hp is fully restored (18).
You see here a quokka corpse.
The gnoll shouts!
You hear a shout! x2
The gnoll hits you with a +0 spear. 😕 HP[-3]
You take 3 damage, and now have 15/18 hp.
You closely miss the gnoll.
A kobold comes into view. It is wielding a +0 short sword.
The gnoll closely misses you.
You hit the gnoll.
The kobold throws a stone.
The stone closely misses you. The gnoll hits you with a +0 spear.
A kobold comes into view. It is wielding a +0 whip. 😮 HP[-2]
You take 2 damage, and now have 13/18 hp.
You barely miss the gnoll.
A kobold opens the door.
The gnoll hits you with a +0 spear. 😮 HP[-1]
You take 1 damage, and now have 12/18 hp.
The kobold shouts!
You hit the gnoll.
The kobold throws a stone.
The stone barely misses you. The gnoll closely misses you.
You hit the gnoll but do no damage. The gnoll closely misses you.
You closely miss the gnoll.
The kobold hits you with a +0 short sword.
The gnoll hits you with a +0 spear.
* * * LOW HITPOINT WARNING * * *
😱 HP[-8]
You take 8 damage, and now have 4/18 hp.
MASSIVE DAMAGE!! (PAUSE)
The kobold throws a stone.
The stone hits you but does no damage.
The gnoll hits you from afar with a +0 spear.
* * * LOW HITPOINT WARNING * * *
😱 HP[-3]
You take 3 damage, and now have 1/18 hp.
The kobold throws a stone.
The stone barely misses you.
Unknown command.
The kobold throws a stone.
The stone hits you but does no damage.
It was a potion of lignification.
You turn into a tree.
The +1 robe of Rotation {rPois rF+ Dex+5} melds into your body.
Your roots penetrate the ground. 😱 HP[+1]
You now have 27 max hp (+9).
It was a potion of degeneration.
There was something very wrong with that liquid.
You feel weakened.
You feel dopey.
You feel clumsy.
You hit the kobold but do no damage.
The kobold hits you but does no damage. 😱 HP[+1]
You miss the kobold. The kobold hits you but does no damage.
You closely miss the kobold.
The gnoll hits you from afar with a +0 spear.
* * * LOW HITPOINT WARNING * * *
The kobold hits you but does no damage. 😱 HP[-2]
You take 2 damage, and now have 1/27 hp.
You hit the kobold but do no damage. The kobold hits you but does no damage.
The gnoll hits you but does no damage. The kobold barely misses you.
You hit the kobold.
You kill the kobold!
Lugonu accepts your kill. The kobold hits you but does no damage.
The gnoll hits you but does no damage.
You hit the kobold. The kobold hits you but does no damage.
The gnoll hits you but does no damage.
You closely miss the kobold. The kobold hits you but does no damage.
The gnoll hits you but does no damage.
You hit the kobold.
You kill the kobold!
Lugonu accepts your kill. The gnoll hits you but does no damage.
You don't know any spells.
Aiming: Phantom Mirror
Press: ? - help, Dir - move target, f - gnoll
Aim: a gnoll, wielding a +0 spear (heavily wounded)
You reflect the gnoll with the mirror!
The mirror clouds!
The gnoll hits you from afar with a +0 spear.
You die...

Action                   || total
-------------------------++-------
Melee: Short sword       ||    78
Invok: Depart the Abyss  ||     1
Evoke: Phantom mirror    ||     1
  Use: Scroll            ||     3
       Potion            ||     2
 Stab: Sleeping          ||     1
Armor: Robe              ||    25
       Skin              ||    12
Dodge: Dodged            ||    66

Levels and vault maps discovered:
D:1:      grunt_arrival_lava_bath, layout_basic, serial_curves, eino_curves_01,
          eino_curves_02, eino_curves_03, eino_curves_03

Notes
Turn   | Place    | Note
-------+----------+-------------------------------------------
     0 | Abyss:1  | spiderkeys the Deep Elf Abyssal Knight began the quest for
                  | the Orb.
     0 | Abyss:1  | Reached XP level 1. HP: 13/13 MP: 4/4
     0 | Abyss:1  | magus.rc [v1.9.10]
    10 | Abyss:1  | Found a corrupted altar of Lugonu.
    37 | Abyss:1  | Found a broken altar of Ashenzari.
    74 | Abyss:3  | Identified the +1 robe of Rotation {rPois rF+ Dex+5}
    86 | Abyss:3  | Noticed a small abomination
    95 | Abyss:3  | Noticed a raiju
    96 | Abyss:3  | Noticed a raiju
    96 | Abyss:3  | Noticed a raiju
    97 | D:1      | You pass through the gate.
    97 | D:1      | Escaped the Abyss
   164 | D:1      | Reached * piety under Lugonu
   338 | D:1      | You pick up a book of the Hunter and begin reading...
   338 | D:1      | You add the spells Call Canine Familiar, Portal Projectile
                  | and Leda's Liquefaction to your library.
   431 | D:1      | Reached XP level 2. HP: 18/18 MP: 5/5
   786 | D:1      | HP: 4/18 [gnoll (6)]
   787 | D:1      | HP: 1/18 [gnoll (3)]
   795 | D:1      | HP: 1/27 [gnoll (2)]
   801 | D:1      | Slain by a gnoll

Vanquished Creatures
  3 bats (D:1)
  3 endoplasms (D:1)
  A giant cockroach (D:1)
  2 jackals (D:1)
  3 quokkas (D:1)
  2 ball pythons (D:1)
  A frilled lizard (D:1)
  A goblin (D:1)
  4 kobolds (D:1)
  3 rats (D:1)
23 creatures vanquished.

Table legend:
 A = Non-vault XP
 B = Vault XP
 C = Vault XP percentage of total XP
 D = Non-vault monster count
 E = Vault monster count
 F = Vault count percentage of total count
                 A         B        C        D         E       F
            +---------+---------+-------+---------+---------+-------
      Total |      37 |       0 |   0.0 |      23 |       0 |   0.0
            +---------+---------+-------+---------+---------+-------
        D:1 |      37 |       0 |   0.0 |      23 |       0 |   0.0
            +---------+---------+-------+---------+---------+-------

Illustrated notes

Table legend:
 A = Kills in this place as a percentage of kills in entire the game.
 B = Kills by you in this place as a percentage of kills by you in the entire game.
 C = Kills by friends in this place as a percentage of kills by friends in the entire game.
 D = Other kills in this place as a percentage of other kills in the entire game.
 E = Experience gained in this place as a percentage of experience gained in the entire game.
 F = Experience gained in this place divided by the number of levels of this place that you have seen.
                   A       B       C       D       E      F
               +-------+-------+-------+-------+-------+----------------------
         Total | 100.0 | 100.0 |   N/A |   N/A | 100.0 |   9.2
       Dungeon | 100.0 | 100.0 |   N/A |   N/A | 100.0 |  37.0
               +-------+-------+-------+-------+-------+----------------------

Table legend: (Time is in decaauts)
 A = Elapsed time spent in this place.
 B = Non-inter-level travel time spent in this place.
 C = Inter-level travel time spent in this place.
 D = Time resting spent in this place.
 E = Time spent auto-exploring this place.
 F = Levels seen in this place.
 G = Mean time per level.
                   A        B        C        D        E       F      G
               +--------+--------+--------+--------+--------+-----+--------+
         Total |    799 |    799 |      0 |      0 |    539 |   4 |  199.8 |
       Dungeon |    702 |    702 |      0 |      0 |    525 |   1 |  702.0 |
         Abyss |     96 |     96 |      0 |      0 |     14 |   3 |   32.0 |
               +--------+--------+--------+--------+--------+-----+--------+

Top non-repeatable levels by time:
     D:1: 702 daAuts
 Abyss:1: 60 daAuts
 Abyss:3: 25 daAuts
 Abyss:2: 10 daAuts
